 Dungeon Crawl Stone Soup version 0.16.2-2-g470672f (webtiles) character file.

155173 ddr the Severer (level 17, -8/128 HPs)
             Began as a Demonspawn Berserker on Aug 29, 2015.
             Was the Champion of Trog.
             Mangled by a wolf spider (12 damage)
             ... summoned by a shadow trap
             ... triggered by the player character
             ... on level 4 of the Spider Nest.
             The game lasted 02:19:03 (32368 turns).

ddr the Severer (Demonspawn Berserker)             Turns: 32368, Time: 02:19:03

Health: -8/128     AC: 23    Str: 23    XL:     17   Next: 8%
Magic:  0/29       EV: 18    Int:  9    God:    Trog [******]
Gold:   3383       SH:  0    Dex: 18    Spells: 0 memorised, 16 levels left

rFire  + . .     SeeInvis +     a - +11 morningstar "Eos" {elec, -Tele rElec SInv}
rCold  . . .     Clarity  .     A - +3 plate armour {rN+}
rNeg   + + .     SustAb   .     (no shield)
rPois  +         Gourm    .     (helmet unavailable)
rElec  +         Spirit   +     F - +1 cloak
rCorr  .         Warding  .     Q - +0 pair of gloves
rMut   .         NoTele   +     z - +1 pair of boots {Stlth+}
MR     +....                    p - amulet of faith
Stlth  ..........               W - +5 ring of evasion
                                C - +4 ring of slaying

@: confused, lethally poisoned (-8 -> -23), studying Stealth, somewhat resistant
to hostile enchantments, extremely unstealthy
A: horns 3, thin skeletal structure 2, fire resistance 1, negative energy
resistance 1, poison resistance, regeneration 1, magic shield, magic
regeneration
a: Burn Spellbooks, Berserk, Trog's Hand, Brothers in Arms, Renounce Religion


You were on level 4 of the Spider Nest.
You worshipped Trog.
Trog was exalted by your worship.
You were not hungry.

You visited 5 branches of the dungeon, and saw 35 of its levels.
You also visited: Labyrinth, Ossuary and Ice Cave.

You collected 4180 gold pieces.
You spent 797 gold pieces at shops.

Inventory:

Hand weapons
 a - the +11 morningstar "Eos" (weapon) {elec, -Tele rElec SInv}
   (You found it in a labyrinth)

   Occasionally, upon striking a foe, it will discharge some electrical energy
   and cause terrible harm.
   It insulates you from electricity.
   It enhances your eyesight.
   It prevents most forms of teleportation.
 b - a +4 battleaxe of flaming
 R - the +8 lance "Wyrmbane" {slay drac, +Rage rPois rF+ AC+5}
   (You found it on level 1 of the Spider Nest)

   It affects your AC (+5).
   It protects you from fire.
   It protects you from poison.
   It lets you go berserk.
Missiles
 w - a throwing net (quivered)
Armour
 z - a +1 pair of boots of stealth (worn)
 A - a +3 plate armour of positive energy (worn)
 F - a +1 cloak (worn)
 Q - a +0 pair of gloves (worn)
Rods
 u - a +0 rod of clouds (11/11)
   (You found it on level 2 of the Shoals)
Jewellery
 j - an uncursed amulet of warding {unknown}
 p - an amulet of faith (around neck)
 y - an uncursed ring of teleportation
 C - a +4 ring of slaying (left hand)
 E - an uncursed amulet of the gourmand {unknown}
 I - an uncursed ring of flight
 O - the ring "Dunycs" {+Inv rF+ rN+}
   (You found it on level 2 of the Spider Nest)

   [ring of positive energy]

   It protects you from fire.
   It protects you from negative energy.
   It lets you turn invisible.
 W - a +5 ring of evasion (right hand)
 Y - an uncursed amulet of regeneration {unknown}
Magical devices
 o - a wand of fire (13)
 H - a wand of heal wounds (6) {!d}
 M - a wand of cold (5)
 T - a wand of teleportation (5) {!d}
 Z - a wand of digging (12)
Scrolls
 r - 12 scrolls of remove curse
 s - 5 scrolls of enchant armour
 x - 2 scrolls of magic mapping
 B - a scroll of brand weapon
 J - 3 scrolls of fear
 K - 9 scrolls of teleportation
 L - 4 scrolls of enchant weapon
 P - 3 scrolls of blinking
Potions
 d - a potion of haste
 e - a potion of berserk rage {unknown}
 f - 7 potions of restore abilities
 g - 5 potions of resistance
 h - 5 potions of heal wounds
 i - 3 potions of agility
 m - 9 potions of curing
 n - 5 potions of cancellation
 q - 5 potions of magic
 v - 6 potions of might
 N - 6 potions of brilliance
 X - a potion of invisibility
Books
 k - a manual of Stealth
Comestibles
 c - 20 bread rations
 l - 10 meat rations
 D - 4 royal jellies
 G - 10 slices of pizza
 S - a poisonous chunk of flesh
 U - 2 fruits
 V - 4 beef jerkies


   Skills:
 - Level 10.0 Fighting
 + Level 17.2(18.8) Axes
 - Level 13.8(17.1) Maces & Flails
 - Level 10.0 Armour
 - Level 10.2 Dodging
 - Level 10.0 Evocations


You had 16 spell levels left.
You didn't know any spells.

Dungeon Overview and Level Annotations

Branches:
Dungeon (15/15)            Temple (0/1) D:5            Lair (8/8) D:11
 Shoals (4/5) Lair:4       Spider (4/5) Lair:5        Slime (0/6) Lair:6
    Orc (4/4) D:12            Elf (0/3) Orc:3        Vaults (0/5) D:14
 Depths (0/5) D:15

Altars:
Ashenzari
Cheibriados
Fedhas
Kikubaaqudgha
Makhleb
Okawaru
Vehumet
Xom
Yredelemnul
The Shining One
Beogh

Shops:
D:8 =   Orc:1 *   Orc:4 %[}*

Portals:
Hell: Lair:8

Annotations:
D:8 exclusion: door
D:9 Grum
Spider:1 Sonja


Innate Abilities, Weirdness & Mutations

You have a pair of large horns on your head.
You have a moderately thin skeletal structure (Dex +4, Stealth+).
Your flesh is heat resistant.
You resist negative energy.
When hurt, damage is shared between your health and your magic reserves.
You regenerate magic rapidly.
Your system is resistant to poisons.
Your natural rate of healing is unusually fast.


Message History

The wolf spider bites you but does no damage.
The wolf spider hits you.
* * * LOW HITPOINT WARNING * * *
The wolf spider barely misses you. The tarantella misses you.
The wolf spider barely misses you. The wolf spider completely misses you.
The wolf spider hits you but does no damage.
The wolf spider barely misses you. The tarantella closely misses you.
Drink which item? (? for menu, Esc to quit)
You feel much better. The wolf spider hits you.
The wolf spider bites you but does no damage.
The wolf spider hits you!! The wolf spider bites you.
* * * LOW HITPOINT WARNING * * *
The tarantella completely misses you. The wolf spider closely misses you.
The wolf spider bites you!
* * * LOW HITPOINT WARNING * * *
You are poisoned.
The wolf spider poisons you! The wolf spider hits you!!
* * * LOW HITPOINT WARNING * * *
The wolf spider bites you!
You die...

#....#...(..^..^...#
#......##......^.(##
###..#......^...###
###^##........^#
#..#..s.....####
##...(.....###
##.......^.####
..###....s......#.##
........@ss.#......#
...#.....s..###....#
###...y.## ####.##
####### ##.# ###


You could see 2 wolf spiders, a moth of wrath, an orb spider, a trapdoor spider
(berserk) and a tarantella (berserk).

Vanquished Creatures
  Polyphemus (Shoals:2)
  Rupert (D:15)
  A storm dragon (D:13)
  3 emperor scorpions
  Azrael (D:15)
  A dire elephant (Lair:8)
  Snorg (Lair:4)
  A merfolk javelineer (Shoals:2)
  2 merfolk impalers
  A minotaur (Lab)
  Fannar (Lair:1)
  5 centaur warriors
  2 merfolk avatars
  6 hydras
  A catoblepas (Shoals:2)
  2 dancing weapons (D:14)
  2 merfolk aquamancers
  An ogre mage (D:15)
  11 death yaks
  3 tengu warriors
  3 orc high priests (Orc:4)
  A deep elf knight (D:15)
  2 unseen horrors (D:13)
  12 sea snakes
  A wizard (Lair:8)
  Pikel (D:6)
  4 hill giants
  A hornet (Spider:4)
  17 wolf spiders
  A wolf spider zombie (D:14)
  7 griffons
  7 orb spiders
  7 manticores
  6 ugly things (D:14)
  5 orc knights
  3 cyclopes
  A sixfirhy (Lair:8)
  2 fauns
  4 orc sorcerers (Orc:4)
  4 water nymphs
  A siren (Shoals:2)
  Maurice (D:8)
  7 elephants (Lair:5)
  Joseph (D:7)
  8 black mambas
  2 drowned souls (Shoals:2)
  A gargoyle (D:13)
  18 spiny frogs
  A moth of wrath (Spider:3)
  A smoke demon (Lair:8)
  A queen ant (Lair:8)
  4 orange demons (Lair:8)
  3 torpor snails
  Psyche (Orc:4)
  10 demonic crawlers
  4 fire drakes
  A hellwing (Lair:8)
  2 trolls
  18 jumping spiders
  2 tengu conjurers (D:15)
  A deep elf priest (D:15)
  A fire drake (shapeshifter) (D:15)
  8 komodo dragons
  A blue devil (Lair:8)
  3 red devils (Lair:8)
  19 blink frogs
  4 two-headed ogres
  17 merfolk
  6 snapping turtles
  2 boulder beetles
  2 polar bears
  A hornet zombie (D:13)
  5 ravens
  A trapdoor spider (shapeshifter) (D:13)
  19 tarantellas
  41 yaks
  2 shadows
  12 water elementals
  11 trapdoor spiders
  3 deep elf magi
  2 basilisks
  A human (D:8)
  31 redbacks
  2 wraiths
  2 wyverns
  A hungry ghost (D:10)
  A steam dragon (Lair:4)
  6 fire elementals (D:15)
  16 hippogriffs
  4 wargs
  A mottled dragon (D:13)
  8 porcupines
  10 soldier ants
  4 hell hounds
  An eye of draining (D:13)
  4 sky beasts
  12 water moccasins
  16 orc warriors
  5 phantoms
  2 slaves (D:6)
  16 spiders
  11 ogres
  3 black bears
  4 ice beasts
  2 necrophages
  An eye of draining (shapeshifter) (D:15)
  A big kobold (D:10)
  Duvessa (D:6)
  2 boring beetles
  19 crocodiles
  A brain worm (Lair:8)
  12 centaurs
  6 elf zombies (Ossuary)
  23 giant frogs
  9 scorpions
  A wyvern skeleton (D:14)
  7 wights
  16 killer bees
  3 electric eels (Lair:1)
  A giant frog zombie (D:7)
  2 goliath beetles
  9 centaur zombies
  A wasp zombie (D:9)
  Dowan (D:6)
  6 crimson imps
  3 human zombies (Ossuary)
  4 centaur skeletons
  3 giant frog skeletons
  6 jellies
  3 quasits
  32 worker ants
  32 orc priests
  5 iguanas
  35 orc wizards
  10 hounds
  7 hell rats (Lair:3)
  8 sheep (Lair:8)
  2 hound skeletons (D:4)
  5 mummies
  A worker ant zombie (D:6)
  Robin (D:4)
  12 gnolls
  25 adders
  69 river rats
  12 white imps (D:11)
  2 giant mites
  3 shadow imps
  A worm (D:2)
  An adder skeleton (D:7)
  6 giant geckos
  An ooze (D:2)
  173 orcs
  5 giant cockroaches
  21 goblins
  22 hobgoblins
  12 quokkas
  2 ball pythons
  23 bats
  4 giant newts
  2 giant spores
  15 jackals
  21 kobolds
  36 rats
  4 ballistomycetes
  A bush (D:15)
  6 fungi
  4 plants
1309 creatures vanquished.

Vanquished Creatures (collateral kills)
  2 orb spiders (Spider:2)
  A queen bee (shapeshifter) (D:13)
  Prince Ribbit (D:7)
  2 jumping spiders (Spider:2)
  A scorpion (Spider:2)
  A crimson imp (D:7)
8 creatures vanquished.

Vanquished Creatures (others)
  5 drowned souls
  A queen bee (shapeshifter) (D:15)
  A water elemental (Shoals:2)
  A redback (Spider:1)
  3 gnolls (D:6)
  A ballistomycete (D:10)
  4 bushes (D:15)
  6 fungi
  4 plants
26 creatures vanquished.

Grand Total: 1343 creatures vanquished

Notes
Turn   | Place    | Note
--------------------------------------------------------------
     0 | D:1      | ddr, the Demonspawn Berserker, began the quest for the Orb.
     0 | D:1      | Reached XP level 1. HP: 18/18 MP: 1/1
   138 | D:1      | Gained mutation: You have a pair of small horns on your head. [demonic ancestry]
   138 | D:1      | Reached XP level 2. HP: 21/24 MP: 2/2
   683 | D:2      | Acquired Trog's second power
   765 | D:2      | Gained mutation: When hurt, damage is shared between your health and your magic reserves. [demonic ancestry]
   765 | D:2      | Reached XP level 3. HP: 14/29 MP: 3/3
  1015 | D:2      | Found a shattered altar of Ashenzari.
  1035 | D:2      | Reached skill level 4 in Axes
  1137 | D:2      | Found an ancient bone altar of Kikubaaqudgha.
  1553 | D:3      | Gained mutation: You have a somewhat thin skeletal structure (Dex +2, Stealth). [demonic ancestry]
  1553 | D:3      | Reached XP level 4. HP: 30/35 MP: 4/4
  2005 | D:3      | Reached skill level 5 in Axes
  2012 | D:3      | Found a shimmering altar of Xom.
  2056 | D:3      | Found a basalt altar of Yredelemnul.
  2056 | D:3      | Found a snail-covered altar of Cheibriados.
  2349 | D:4      | Found a radiant altar of Vehumet.
  2417 | D:4      | Reached XP level 5. HP: 38/41 MP: 5/5
  2681 | D:4      | Found a sand-covered staircase.
  2691 | Ossuary  | Entered an ossuary
  2741 | Ossuary  | Reached skill level 6 in Axes
  2777 | Ossuary  | Reached XP level 6. HP: 30/47 MP: 6/6
  2963 | Ossuary  | Reached skill level 7 in Axes
  2977 | Ossuary  | Gained mutation: You have a moderately thin skeletal structure (Dex +4, Stealth+). [demonic ancestry]
  2977 | Ossuary  | Reached XP level 7. HP: 52/52 MP: 7/7
  3028 | Ossuary  | Reached skill level 8 in Axes
  3097 | D:4      | Noticed Robin
  3104 | D:4      | Killed Robin
  3523 | D:5      | Entered Level 5 of the Dungeon
  3600 | D:5      | Reached skill level 9 in Axes
  3600 | D:5      | Gained mutation: You have a pair of horns on your head. [demonic ancestry]
  3600 | D:5      | Reached XP level 8. HP: 58/58 MP: 8/8
  3667 | D:5      | Found a staircase to the Ecumenical Temple.
  3909 | D:5      | Reached skill level 10 in Axes
  3911 | D:5      | Acquired Trog's third power
  3924 | D:5      | Received a gift from Trog
  4205 | D:6      | Found a shimmering altar of Xom.
  4319 | D:6      | Noticed Pikel
  4338 | D:6      | Killed Pikel
  4338 | D:6      | Reached skill level 11 in Axes
  4338 | D:6      | Gained mutation: You regenerate magic rapidly. [demonic ancestry]
  4338 | D:6      | Reached XP level 9. HP: 60/62 MP: 6/9
  4472 | D:6      | Noticed Duvessa
  4473 | D:6      | Noticed Dowan
  4480 | D:6      | Killed Dowan
  4483 | D:6      | Killed Duvessa
  5227 | D:7      | Noticed Joseph
  5285 | D:6      | Reached skill level 12 in Axes
  5697 | D:7      | You fall through a shaft for 2 floors!
  5697 | D:9      | Noticed Grum
  6214 | D:7      | Noticed Prince Ribbit
  6219 | D:7      | Killed Prince Ribbit
  6219 | D:7      | Reached skill level 13 in Axes
  6223 | D:7      | Killed Joseph
  6223 | D:7      | Reached XP level 10. HP: 53/69 MP: 8/10
  6849 | D:8      | Noticed Maurice
  6856 | D:8      | Killed Maurice
  6958 | D:8      | Found a burning altar of Makhleb.
  7222 | D:8      | Found Cais' Jewellery Shop.
  7237 | D:8      | Found an iron altar of Okawaru.
  7827 | D:9      | Reached skill level 14 in Axes
  7947 | D:9      | Received a gift from Trog
  7954 | D:9      | Got a smoking hat
  7961 | D:9      | Identified the +0 hat "Skoham" {rElec rPois rF+ Int+2 Dex-4} (You found it on level 9 of the Dungeon)
  8404 | D:10     | Entered Level 10 of the Dungeon
  8759 | D:10     | Noticed a six-headed hydra
  8843 | D:10     | Got a transparent shield
  8850 | D:10     | Identified the +3 shield of Light {SInv} (You found it on level 10 of the Dungeon)
  9005 | D:10     | Received a gift from Trog
  9005 | D:10     | Gained mutation: Your flesh is heat resistant. [demonic ancestry]
  9005 | D:10     | Reached XP level 11. HP: 70/74 MP: 11/11
  9498 | D:11     | Found a frozen archway.
  9538 | IceCv    | Entered an ice cave
  9554 | D:11     | Reached skill level 5 in Dodging
  9961 | D:11     | Reached skill level 5 in Armour
 10003 | D:11     | Found a staircase to the Lair.
 10055 | D:11     | Gained mutation: Your natural rate of healing is unusually fast. [potion of beneficial mutation]
 10311 | D:11     | Noticed a hill giant
 10321 | D:11     | Killed a hill giant
 10612 | Lair:1   | Entered Level 1 of the Lair of Beasts
 10703 | Lair:1   | Found a labyrinth entrance.
 10748 | Lab      | Entered a labyrinth
 11888 | Lab      | Noticed a minotaur
 11899 | Lab      | Killed a minotaur
 12005 | Lair:1   | Reached skill level 1 in Maces & Flails
 12085 | Lair:1   | Noticed Fannar
 12372 | Lair:1   | Killed Fannar
 12372 | Lair:1   | Reached skill level 5 in Maces & Flails
 13107 | Lair:2   | Received a gift from Trog
 13333 | Lair:2   | Reached XP level 12. HP: 80/80 MP: 12/12
 13841 | Lair:3   | Received a gift from Trog
 14047 | Lair:3   | Received a gift from Trog
 14062 | Lair:3   | Noticed an eight-headed hydra
 14322 | Lair:3   | Received a gift from Trog
 14582 | Lair:3   | Killed an eight-headed hydra
 14789 | Lair:4   | Noticed Snorg
 14798 | Lair:4   | Killed Snorg
 14892 | Lair:4   | Received a gift from Trog
 14893 | Lair:4   | Reached skill level 10 in Maces & Flails
 15032 | Lair:4   | Identified a scroll of acquirement
 15035 | Lair:4   | Got a pair of shimmering gloves
 15046 | Lair:4   | Identified the -2 pair of gloves "Clitept" {rF+ rN+ MR+ Str-5 Stlth-} (You acquired it on level 4 of the Lair of Beasts)
 15586 | Lair:4   | Found a staircase to the Shoals.
 15833 | Lair:5   | Found a hole to the Spider Nest.
 16030 | Lair:5   | Received a gift from Trog
 16114 | Lair:5   | Gained mutation: You have a pair of large horns on your head. [demonic ancestry]
 16114 | Lair:5   | Reached XP level 13. HP: 65/85 MP: 13/13
 17020 | Lair:6   | Found a staircase to the Slime Pits.
 17460 | Lair:6   | Received a gift from Trog
 18496 | Lair:8   | Entered Level 8 of the Lair of Beasts
 18507 | Lair:8   | Received a gift from Trog
 18639 | Lair:8   | Reached skill level 5 in Fighting
 18912 | Lair:8   | Received a gift from Trog
 18923 | Lair:8   | Noticed a dire elephant
 18996 | Lair:7   | Reached XP level 14. HP: 75/104 MP: 14/14
 19170 | Lair:8   | Killed a dire elephant
 19467 | Lair:8   | Received a gift from Trog
 19710 | Lair:8   | Found a burning altar of Makhleb.
 19780 | Lair:8   | Received a gift from Trog
 19853 | Lair:8   | Reached skill level 10 in Fighting
 19885 | Lair:8   | Found a gateway to Hell.
 19895 | Lair:8   | Got a pair of scorched gloves
 19908 | Lair:8   | Identified the +1 pair of gloves of Quhiawk {+Blink +Inv +Fly Int+4 Dex-5} (You found it on level 8 of the Lair of Beasts)
 20586 | D:12     | Received a gift from Trog
 20707 | D:12     | Found a staircase to the Orcish Mines.
 21087 | Orc:1    | Entered Level 1 of the Orcish Mines
 21458 | Orc:2    | Received a gift from Trog
 21507 | Orc:2    | Found a roughly hewn altar of Beogh.
 22002 | Orc:3    | Found a glowing golden altar of the Shining One.
 22082 | Orc:3    | Found a staircase to the Elven Halls.
 22247 | Orc:4    | Entered Level 4 of the Orcish Mines
 22491 | Orc:4    | Received a gift from Trog
 22570 | Orc:4    | Noticed Psyche
 22575 | Orc:4    | Killed Psyche
 22809 | Orc:4    | Found Pumi's Food Emporium.
 22814 | Orc:4    | Received a gift from Trog
 22819 | Orc:4    | Found Foiskoz's Antique Armour Shop.
 22845 | Orc:4    | Found Seoleev's Gadget Emporium.
 22846 | Orc:4    | Found Jealagia's Assorted Antiques.
 22859 | Orc:4    | Bought a transparent plate armour for 532 gold pieces
 22859 | Orc:4    | Bought a bloodstained chain mail for 180 gold pieces
 22859 | Orc:4    | Bought a pair of glowing boots for 85 gold pieces
 22881 | Orc:4    | Identified the cursed -2 plate armour of Darkness {Regen+} (You bought it in a shop on level 4 of the Orcish Mines)
 22895 | Orc:4    | Identified the +0 chain mail "Feacuna" {rN+ Str+4} (You bought it in a shop on level 4 of the Orcish Mines)
 23101 | Orc:1    | Found Papamusa's Assorted Antiques.
 23108 | Orc:1    | Received a gift from Trog
 24057 | D:13     | Received a gift from Trog
 24081 | D:13     | Found a runed door.
 24102 | D:13     | Noticed a storm dragon
 24117 | D:13     | Killed a storm dragon
 24250 | D:13     | Got a smoking war axe
 24251 | D:13     | Identified the cursed -2 war axe of Disorder {freeze, rN+ Str+4} (You found it on level 13 of the Dungeon)
 24364 | D:13     | Reached XP level 15. HP: 115/115 MP: 15/15
 24596 | D:14     | Found a gate to the Vaults.
 25006 | D:14     | Received a gift from Trog
 25343 | D:15     | Entered Level 15 of the Dungeon
 25359 | D:15     | Noticed Rupert
 25379 | D:15     | Killed Rupert
 25379 | D:15     | Reached skill level 10 in Dodging
 25492 | D:15     | Found a blossoming altar of Fedhas.
 25504 | D:15     | Reached skill level 10 in Armour
 25868 | D:15     | Noticed Azrael
 25877 | D:15     | Killed Azrael
 25988 | D:15     | Found a staircase to the Depths.
 26090 | D:15     | Received a gift from Trog
 26538 | Shoals:1 | Entered Level 1 of the Shoals
 26727 | Shoals:1 | Reached skill level 15 in Axes
 27346 | Shoals:2 | You fall through a shaft for 2 floors!
 27745 | Shoals:3 | Gained mutation: You resist negative energy. [demonic ancestry]
 27745 | Shoals:3 | Reached XP level 16. HP: 65/122 MP: 13/16
 27859 | Shoals:4 | Received a gift from Trog
 28091 | Shoals:4 | Gained mutation: Your system is resistant to poisons. [potion of beneficial mutation]
 28109 | Shoals:4 | Reached skill level 16 in Axes
 28640 | Shoals:2 | Reached skill level 1 in Evocations
 28645 | Shoals:2 | Noticed Polyphemus
 28729 | Shoals:2 | Identified a -1 rod of clouds (10/10) (You found it on level 2 of the Shoals)
 28981 | Shoals:2 | Killed Polyphemus
 29158 | Spider:1 | Entered Level 1 of the Spider Nest
 29221 | Spider:1 | Reached skill level 5 in Evocations
 29286 | Spider:1 | Noticed Sonja
 29829 | Spider:1 | Received a gift from Trog
 30179 | Spider:2 | Got a fine lapis lazuli ring
 30181 | Spider:2 | Identified the ring "Dunycs" {+Inv rF+ rN+} (You found it on level 2 of the Spider Nest)
 30951 | Spider:3 | Received a gift from Trog
 31105 | Spider:3 | Reached skill level 10 in Evocations
 31976 | Spider:4 | Received a gift from Trog
 32083 | Spider:4 | Reached XP level 17. HP: 114/128 MP: 29/29
 32163 | Spider:4 | Reached skill level 17 in Axes
 32368 | Spider:4 | HP: 4/128 [wolf spider[the player character] (26)]
 32368 | Spider:4 | Mangled by a wolf spider

Action                   |  1- 3 |  4- 6 |  7- 9 | 10-12 | 13-15 | 16-18 || total
-------------------------+-------+-------+-------+-------+-------+-------++-------
Melee: Hand axe          |   117 |   156 |   421 |       |       |       ||   694
       Battleaxe         |       |       |    47 |   450 |   373 |    62 ||   932
       Morningstar       |       |       |       |   382 |   793 |   445 ||  1620
Invok: Berserk           |     2 |     2 |     9 |    11 |    18 |     5 ||    47
       Trog's Hand       |     2 |     2 |     6 |     1 |     9 |     3 ||    23
       Brothers in Arms  |       |       |     1 |       |     1 |     3 ||     5
       Burn Spellbooks   |       |       |       |     2 |     3 |     1 ||     6
Evoke: Wand              |       |       |     2 |     8 |       |     2 ||    12
       Rod               |       |       |       |       |       |     6 ||     6
  Use: Scroll            |     4 |     5 |     8 |    17 |    16 |     5 ||    55
       Potion            |       |       |     3 |     7 |     2 |     8 ||    20
 Stab: Invisible         |       |       |       |     6 |       |       ||     6
       Fleeing           |       |       |       |     1 |       |       ||     1
       Distracted        |       |       |       |       |     1 |       ||     1
  Eat: Chunk             |     2 |     6 |     9 |    37 |    53 |    23 ||   130
       Pizza             |     1 |       |       |     3 |     1 |       ||     5
       Fruit             |       |     1 |     2 |       |       |     2 ||     5
       Bread ration      |       |       |     1 |       |       |       ||     1
       Beef jerky        |       |       |     1 |       |     2 |       ||     3
       Meat ration       |       |       |     1 |       |       |       ||     1
       Royal jelly       |       |       |       |     1 |       |       ||     1
